 Dungeon Crawl Stone Soup version 0.26.0-45-g9c1d065592 (webtiles) character file.

Game seed: 3458202056368821469

(classic levelgen) 101 thiole the Stinger (level 4, -7/29 HPs)
             Began as an Octopode Venom Mage on Jan 30, 2021.
             Was a Follower of Fedhas.
             Mangled by Crazy Yiuf
             ... wielding a +4 quarterstaff of chaos
              (14 damage)
             ... on level 2 of the Dungeon.
             The game lasted 00:02:15 (2553 turns).

thiole the Stinger (Octopode Venom Mage)            Turns: 2553, Time: 00:02:16

Health: -7/29      AC:  1    Str:  7    XL:     4   Next: 75%
Magic:  6/7        EV: 12    Int: 18    God:    Fedhas [*.....]
Gold:   205        SH:  3    Dex: 12    Spells: 6/7 levels left

rFire    . . .     SeeInvis .   h - +0 dagger (drain)
rCold    + . .     Faith    +   i - +0 buckler
rNeg     . . .     Spirit   .   (helmet restricted)
rPois    .         Reflect  .   b - amulet of faith
rElec    .         Harm     .   d - ring of protection from cold
rCorr    .         Rampage  .   (no ring)
Will     .....                  (no ring)
Stlth    ++++......             (no ring)
HPRegen  0.09/turn              (no ring)
MPRegen  0.10/turn              (no ring)
                                (no ring)
                                (no ring)

@: no status effects
A: almost no armour, stealthy swim, amphibious, 8 rings, constrict 8, camouflage
1, gelatinous body 1
a: Renounce Religion


You were on level 2 of the Dungeon.
You worshipped Fedhas.
Fedhas was aware of your devotion.
You visited 1 branch of the dungeon, and saw 2 of its levels.

You collected 205 gold pieces.

Inventory:

Hand Weapons
 h - a +0 dagger of draining (weapon)
Armour
 i - a +0 buckler (worn)
Jewellery
 b - an amulet of faith (around mantle)
 d - a ring of protection from cold (left tentacle)
 k - an uncursed ring of see invisible {unknown}
Scrolls
 a - a scroll of enchant armour {unknown}
 e - 3 scrolls of identify {unknown}
 f - a scroll of enchant weapon {unknown}
 j - a scroll of immolation {unknown}
Potions
 c - a potion of flight {unknown}
 g - 3 potions of curing {unknown}
 l - a potion of might {unknown}


   Skills:
 - Level 2.0 Fighting
 - Level 2.0 Dodging
 + Level 4.4 Stealth
 - Level 2.0 Spellcasting
 - Level 1.0 Transmutations
 - Level 5.0 Poison Magic


You had 6 spell levels left.
You knew the following spells:

 Your Spells              Type           Power        Failure   Level
a - Sting                 Tmut/Pois      48%          9%          1

Your spell library contained the following spells:

 Spells                   Type           Power        Failure   Level
 Poisonous Vapours        Pois/Air       20%          16%         2
 Ignite Poison            Fire/Tmut/Pois 9%           36%         3
 Olgreb's Toxic Radiance  Pois           19%          36%         4
 Mephitic Cloud           Conj/Pois/Air  7%           43%         3


Dungeon Overview and Level Annotations

Branches:
Dungeon (2/15)

Altars:
Fedhas

Annotations:
D:2 Crazy Yiuf


Innate Abilities, Weirdness & Mutations

You cannot wear most types of armour.
You are very stealthy in the water. (Stealth+)
You are amphibious.
You can wear up to eight rings at the same time.
You can use your tentacles to constrict eight enemies at once.
Your skin changes colour to match your surroundings (Stealth+).
Your rubbery body absorbs attacks. (AC +1, EV +1)


Message History

You hit Crazy Yiuf but do no damage. Your grab misses Crazy Yiuf.
Crazy Yiuf closely misses you.
You hit Crazy Yiuf but do no damage. You drain Crazy Yiuf. You grab Crazy Yiuf.
Crazy Yiuf is lightly wounded.
You constrict Crazy Yiuf.
Crazy Yiuf hits you with a +4 quarterstaff of chaos.
Crazy Yiuf burns you.
Casting: Sting (safe; 9% risk of failure)
Confirm with . or Enter, or press ? or * to list all spells.
Aiming: Sting (safe; 9% risk of failure)
Press: ? - help, Shift-Dir - straight line, f - Crazy Yiuf
Aim: Crazy Yiuf, wielding a +4 quarterstaff of chaos and wearing a +0 cloak (moderately wounded, constricted by you, heavily drained, 0% to evade)
The sting hits Crazy Yiuf.
Crazy Yiuf is poisoned.
Crazy Yiuf is moderately wounded.
You constrict Crazy Yiuf, but do no damage.
Crazy Yiuf hits you with a +4 quarterstaff of chaos!
* * * LOW HITPOINT WARNING * * *
You are electrocuted!
You die...
Fedhas appreciates your contribution to the ecosystem.

# ♣..PP♣ #.# ############
♣)..♣♣ #.####### ...........#
♣♣)♣♣ #..>....# ##########.#
♣)♣♣ #######.## ##### #.# ♣♣)♣
#.#......# ..(.# #.# ♣)♣♣
#.#.#....# ###.# #.# ♣♣)♣
#.#.#....# #.# #.# ##'##
#.#.#....# #.# #.# #)@)#
#.#.#....# ###.#### #.# #)g)#
#.#.#....# (......###.# #).)#
#.#.#....# (......')..# #####
#.#.#....# .......##..#
#.#.#....#
.......##..###########........#
.......##..##.(.((....<.......#
...(...##..(....(...((.......##
.÷(....###.###.).............#


You could see Crazy Yiuf (poisoned, drained).

Vanquished Creatures
  3 gnolls (D:2)
  2 adders (D:2)
  A dart slug (D:2)
  2 leopard geckos
  7 bats
  3 giant cockroaches
  6 goblins
  6 hobgoblins
  4 jackals (D:1)
  6 kobolds
  A quokka (D:2)
  A ball python (D:2)
  4 frilled lizards
  2 rats (D:1)
48 creatures vanquished.

Notes
Turn   | Place    | Note
-------+----------+-------------------------------------------
     0 | D:1      | thiole the Octopode Venom Mage began the quest for the Orb.
     0 | D:1      | Reached XP level 1. HP: 11/11 MP: 3/3
   205 | D:1      | Reached skill level 4 in Poison Magic
   308 | D:1      | Reached XP level 2. HP: 15/17 MP: 3/5
   829 | D:1      | Reached XP level 3. HP: 21/21 MP: 3/6
   832 | D:1      | Reached skill level 5 in Poison Magic
  1391 | D:2      | Reached skill level 1 in Fighting
  1703 | D:2      | Found a runed translucent door.
  1704 | D:2      | Noticed Crazy Yiuf
  1746 | D:2      | Found a faded altar of an unknown god.
  1796 | D:2      | Became a worshipper of Fedhas Madash
  1796 | D:2      | Reached * piety under Fedhas
  1904 | D:2      | Reached XP level 4. HP: 13/29 MP: 2/7
  2553 | D:2      | Mangled by Crazy Yiuf

Illustrated notes

Levels and vault maps discovered:
D:1:      ebering_trefoil_twist, layout_basic
D:2:      layout_basic, chequers_ecumenical_altar_simple,
          uniq_crazy_yiuf_cottage

Skill      XL: |  1  2  3  4 |
---------------+-------------+-----
Poison Magic   | 4 5 |  5.0
Fighting       | 2 |  2.0
Stealth        | 3 4 |  4.4
Dodging        | |  2.0
Spellcasting   | |  2.0
Transmutations | |  1.0

Action                   |  1- 3 |  4- 6 || total
-------------------------+-------+-------++-------
Melee: Unarmed           |    37 |       ||    37
       Constrict         |    14 |     3 ||    17
       Tentacles         |     7 |       ||     7
       Dagger            |     3 |     7 ||    10
 Cast: Sting             |    50 |    17 ||    67
Armor: Skin              |     4 |     2 ||     6
Dodge: Dodged            |    30 |    17 ||    47
Block: Buckler           |     1 |     1 ||     2
